 Dungeon Crawl Stone Soup version 0.31-a0-840-g6d2ecbb638 (webtiles) character file.

Game seed: 18194454378266561609

83 BinkBink the Sneak (level 4, 0/21 HPs)
             Began as a Spriggan Conjurer on Sept 27, 2023.
             Was a Follower of Vehumet.
             Succumbed to a kobold brigand's curare-tipped dart
             ... on level 3 of the Dungeon.
             The game lasted 00:08:32 (2498 turns).

BinkBink the Sneak (Spriggan Conjurer)              Turns: 2498, Time: 00:08:33

Health: 0/21       AC:  2    Str:  3    XL:     4   Next: 22%
Magic:  7/10       EV: 17    Int: 21    God:    Vehumet [*.....]
Gold:   61         SH:  0    Dex: 13    Spells: 7/10 levels left

rFire   . . .        (weapon restricted)
rCold   . . .        (no shield)
rNeg    . . .        a - +0 robe
rPois   .            (helmet restricted)
rElec   .            (no cloak)
rCorr   .            (gloves unavailable)
SInv    +            (boots unavailable)
Will    .....        (no amulet)
Stlth   +++          (no ring)
HPRegen 0.23/turn    (no ring)
MPRegen 0.12/turn

%: no passive effects
@: lethally poisoned (0 -> -29), slowed, quick
A: very small, no large weapons, unfitting armour, see invisible, speed 3
a: Renounce Religion


You were on level 3 of the Dungeon.
You worshipped Vehumet.
Vehumet was aware of your devotion.
You visited 1 branch of the dungeon, and saw 3 of its levels.

You collected 61 gold pieces.

Inventory:

Armour
 a - a +0 robe (worn)
 i - a +0 pair of gloves
Scrolls
 c - 2 scrolls of teleportation {unknown}
 d - 2 scrolls of blinking {unknown}
 g - a scroll of revelation {unknown}
 h - a scroll of noise {unknown}
Potions
 b - a potion of magic
 e - 2 potions of curing {unknown}
 f - a potion of attraction {unknown}


   Skills:
 + Level 3.7 Dodging
 + Level 4.4 Stealth
 + Level 3.6 Spellcasting
 + Level 3.3 Conjurations


You had 7 spell levels left.
You knew the following spells:

 Your Spells              Type           Power      Damage    Failure   Level
a - Magic Dart            Conj           68%        1d6       3%          1
b - Searing Ray           Conj           34%        2d5       4%          2

Your spell library contained the following spells:

 Spells                   Type           Power      Damage    Failure   Level
 Kiss of Death            Conj/Necr      40%        2d8       6%          1
 Dazzling Flash           Conj/Hex       20%        N/A       19%         3
 Fulminant Prism          Conj/Hex       5%         3d7       54%         4
 Iskenderun's Mystic Bla  Conj/Tloc      10%        2d4       54%         4


Dungeon Overview and Level Annotations

Branches:
Dungeon (3/15)

Altars:
Vehumet

Annotations:
D:2 Sigmund, Terence


Innate Abilities, Weirdness & Mutations

You are very small and have problems with some larger weapons.
You are too small for most types of armour.
You have supernaturally acute eyesight. (SInv)
You cover ground extremely quickly. (Speed+++)


Message History

Aiming: Magic Dart (safe; 3% risk of failure)
Press: ? - help, Q - select action, (/) - cycle Shift-Dir - straight line, f/p - kobold
Aim: a kobold, wielding a +0 dagger (100% to hit)
The magic dart hits the kobold.
You kill the kobold!
Vehumet accepts your kill.
You feel your power returning.
Aiming: Magic Dart (safe; 3% risk of failure)
Press: ? - help, Q - select action, (/) - cycle Shift-Dir - straight line, f - you
Okay, then.
A kobold brigand comes into view.
It is wielding a +0 club and quivering curare-tipped darts.
Aiming: Magic Dart (safe; 3% risk of failure)
Press: ? - help, Q - select action, (/) - cycle Shift-Dir - straight line, f - kobold brigand
Aim: a kobold brigand, wielding a +0 club and quivering curare-tipped darts (100% to hit)
The magic dart hits the kobold brigand.
The kobold brigand is lightly wounded.
Aiming: Magic Dart (safe; 3% risk of failure)
Press: ? - help, Q - select action, (/) - cycle Shift-Dir - straight line, f/p - kobold brigand
Aim: a kobold brigand, wielding a +0 club and quivering curare-tipped darts (lightly wounded, 100% to hit)
The magic dart hits the kobold brigand.
The kobold brigand is lightly wounded.
The kobold brigand throws a curare-tipped dart.
The curare-tipped dart misses you.
Aiming: Magic Dart (safe; 3% risk of failure)
Press: ? - help, Q - select action, (/) - cycle Shift-Dir - straight line, f/p - kobold brigand
Aim: a kobold brigand, wielding a +0 club and quivering curare-tipped darts (lightly wounded, 100% to hit)
The magic dart hits the kobold brigand.
The kobold brigand is moderately wounded.
The kobold brigand throws a curare-tipped dart.
The curare-tipped dart hits you.
You are poisoned.
You have difficulty breathing.
You feel yourself slow down.
You feel very sick.
The kobold brigand throws a curare-tipped dart.
The curare-tipped dart hits you.
You are more poisoned.
You have difficulty breathing.
* * * LOW HITPOINT WARNING * * *
You feel as though you will be slow longer.
You die...

.#### ...... ......
......#####
#.......# #.......#
#. #....@..# .##
#.###.......#
....#...........#
....#...........#
................#
##..............#
....#...........###
..................#
....#....K......#.#


There were no monsters in sight!

Vanquished Creatures
  An orc wizard (D:3)
  2 adders (D:2)
  4 dart slugs
  An orc (D:3)
  A ball python (D:1)
  2 bats
  2 endoplasms
  5 hobgoblins
  2 quokkas (D:1)
  2 frilled lizards (D:1)
  A goblin (D:2)
  7 kobolds
  A rat (D:2)
31 creatures vanquished.

Notes
Turn   | Place    | Note
-------+----------+-------------------------------------------
     0 | D:1      | BinkBink the Spriggan Conjurer began the quest for the Orb.
     0 | D:1      | Reached XP level 1. HP: 9/9 MP: 5/5
   508 | D:1      | Found a faded altar of an unknown god.
   514 | D:1      | Reached XP level 2. HP: 13/13 MP: 2/6
   519 | D:1      | Prayed at the altar of an unknown god.
   519 | D:1      | Became a worshipper of Vehumet
   519 | D:1      | Reached * piety under Vehumet
   519 | D:1      | Offered knowledge of Kiss of Death by Vehumet.
   567 | D:1      | You fall into a shaft and drop 1 floor!
   641 | D:2      | Noticed Sigmund
   775 | D:2      | Noticed Terence
   961 | D:1      | Reached XP level 3. HP: 16/16 MP: 0/8
  1696 | D:2      | Reached skill level 4 in Stealth
  1821 | D:2      | Learned a level 2 spell: Searing Ray
  1928 | D:3      | Reached XP level 4. HP: 21/21 MP: 2/10
  2309 | D:3      | Noticed a kobold brigand
  2493 | D:3      | Noticed a kobold brigand
  2498 | D:3      | Succumbed to a kobold brigand's curare-tipped dart

Illustrated notes

Levels and vault maps discovered:
D:1:      nzn_arrival_depleted_hourglass, layout_loops_corners,
          basic_ecumenical_altar
D:2:      layout_rooms, uniq_terence, uniq_sigmund
D:3:      cheibrodos_thug_alley, layout_basic, tso_metal_star,
          nicolae_ru_sacrificial_ziggurat, evilmike_ruin_ashenzari, uniq_ijyb,
          uniq_crazy_yiuf_cottage

Skill      XL: |  1  2  3 |
---------------+----------+-----
Conjurations   | 3 |  3.3
Dodging        | 3 |  3.7
Spellcasting   | 3 |  3.6
Stealth        | 4 |  4.4

Action                     |  1- 3 |  4- 6 || total
---------------------------+-------+-------++-------
   Cast: Magic Dart        |    76 |    38 ||   114
 Armour: Robe              |     3 |     5 ||     8
  Dodge: Dodged            |     8 |    10 ||    18

Table legend: (Time is in decaauts)
 A = Elapsed time spent in this place.
 B = Non-inter-level travel time spent in this place.
 C = Inter-level travel time spent in this place.
 D = Time resting spent in this place.
 E = Time spent auto-exploring this place.
 F = Levels seen in this place.
 G = Mean time per level.
                   A        B        C        D        E       F      G
               +--------+--------+--------+--------+--------+-----+--------+
         Total |   1850 |   1783 |     67 |      0 |   1413 |   3 |  616.7 |
       Dungeon |   1850 |   1783 |     67 |      0 |   1413 |   3 |  616.7 |
               +--------+--------+--------+--------+--------+-----+--------+

Top non-repeatable levels by time:
     D:1: 876 daAuts
     D:2: 531 daAuts
     D:3: 442 daAuts
